Map: Ruins of Endion

Players

Fropez - Winner!

  • Race: Protoss Protoss
  • League: Silver
  • Spawn Location: 7:00

Sleveless

  • Race: Zerg Zerg
  • League: Silver
  • Spawn Location: 5:00

VOD

Have the link to the VOD?

Description

Time

  • Played on: June 27, 2016, 11:53 a.m.
  • Length: 7:12
Show
View Real Time Build Order
Export as new Build Order

Fropez Protoss - Winner!

Build Orders:  

Get SALT Encoding   

  12  0:15  Pylon  
  12  0:19  Probe (Chrono Boost)  
  13  0:33  Gateway  
  13  0:34  Probe (Chrono Boost)  
  14  0:45  Probe (Chrono Boost)  
  14  0:46  Assimilator  
  15  0:55  Probe (Chrono Boost)  
  16  1:06  Probe (Chrono Boost)  
  17  1:16  Probe (Chrono Boost)  
  18  1:26  Cybernetics Core  
  18  1:29  Probe (Chrono Boost), Gateway  
  19  1:36  Pylon  
  19  1:39  Probe (Chrono Boost)  
  20  1:52  Probe (Chrono Boost)  
  21  1:57  Gateway  
  21  2:01  Gateway  
  21  2:06  Probe (Chrono Boost)  
  22  2:08  Warp Gate (Chrono Boost)  
  22  2:10  Adept  
  24  2:17  Adept  
  26  2:30  Pylon  
  26  2:36  Probe (Chrono Boost)  
  27  2:38  Assimilator  
  26  2:46  Adept  
  26  2:47  Adept  
  26  2:50  Adept  
  32  3:38  Pylon  
  32  3:41  Pylon  
  32  3:55  Probe  
  31  4:14  Forge  
  31  4:15  Probe, Gateway  
  31  4:16  Gateway  
  32  4:18  Stalker x2  
  32  4:21  Stalker  
  38  4:27  Pylon  
  38  4:28  Mothership Core  
  40  4:43  Stalker x2  
  40  4:44  Stalker  
  42  5:09  Stalker x2  
  42  5:10  Stalker  
  48  5:33  Stalker x2  
  48  5:34  Stalker  
  46  6:06  Stalker x3  
  52  6:22  Nexus  
  50  6:58  Stalker x3  
Show
View Real Time Build Order
Export as new Build Order

Sleveless Zerg 

Build Orders: Pool First 

Get SALT Encoding   

  12  0:01  Drone  
  13  0:08  Drone  
  14  0:17  Overlord  
  14  0:27  Overlord  
  14  0:33  Overlord  
  14  0:37  Drone  
  15  0:45  Drone  
  16  0:56  Drone  
  17  1:02  Spawning Pool  
  16  1:07  Drone  
  17  1:18  Drone  
  18  1:23  Extractor  
  17  1:27  Drone  
  18  1:39  Drone  
  19  1:42  Hatchery  
  18  1:48  Evolution Chamber  
  18  1:50  Drone  
  18  1:59  Queen  
  20  2:02  Drone  
  21  2:16  Roach Warren, Drone  
  21  2:25  Zergling x2  
  22  2:39  Zergling x2  
  23  2:51  Zergling x2  
  23  2:57  Roach  
  26  3:00  Lair  
  26  3:10  Overlord x2  
  26  3:16  Drone x3  
  29  3:20  Roach x2  
  30  3:30  Queen  
  30  3:34  Drone  
  33  3:37  Roach  
  35  3:43  Extractor  
  34  3:59  Roach x4  
  40  4:11  Drone x3  
  40  4:14  Drone x3  
  46  4:30  Drone  
  47  4:36  Hydralisk Den  
  46  5:02  Roach x3  
  46  5:03  Roach x2  
  52  5:13  Roach  
  52  5:20  Spine Crawler  
  47  5:24  Roach  
  43  5:39  Roach x4  
  41  5:45  Roach  
  30  6:13  Roach x3  
  30  6:15  Queen  
  36  6:23  Roach x3  
  42  6:26  Hatchery  
  37  6:47  Roach x3  
Tags
 
Matchup
PvZ
Opening
Pool First
Replay Pack
All Mines
Spawn Locations
Close Positions
Add a new tag
Caveats
  • Supply blocks, unpowered buildings, or Contaminate may cause inaccurate times.
  • Supply counts are checked every 10 seconds.